 Dungeon Crawl Stone Soup version 0.31-a0-1589-g8f5e8aebd6 (webtiles) character file.

Game seed: 5362156430326661185

541 jdlucas the Chopper (level 7, 0/61 HPs)
             Began as a Minotaur Berserker on Jan 5, 2024.
             Was a Priest of Trog.
             Slain by a komodo dragon (25 damage)
             ... on level 5 of the Dungeon.
             The game lasted 00:39:45 (4958 turns).

jdlucas the Chopper (Minotaur Berserker)            Turns: 4958, Time: 00:39:45

Health: 0/61       AC: 10    Str: 23      XL:     7   Next: 5%
Magic:  6/6        EV: 11    Int:  2 (4)  God:    Trog [***...]
Gold:   206        SH:  0    Dex:  9 (10) Spells: 6/6 levels left

rFire   . . .        a - +0 hand axe (vamp)
rCold   . . .        (no shield)
rNeg    . . .        e - +0 ring mail
rPois   .            (helmet restricted)
rElec   .            w - +0 cloak
rCorr   +            x - +0 pair of gloves
SInv    .            k - +1 pair of boots
Will    .....        (no amulet) Stlth
                     l - ring of resist corrosion
HPRegen 0.30/turn    (no ring)
MPRegen 0.10/turn

%: no passive effects
@: no status effects
A: horns 2, retaliatory headbutt
a: Renounce Religion, Berserk, Trog's Hand


You were on level 5 of the Dungeon.
You worshipped Trog.
Trog was most pleased with you.
You visited 2 branches of the dungeon, and saw 6 of its levels.

You collected 206 gold pieces.

Inventory:

Hand Weapons
 a - a +0 vampiric hand axe (weapon)
 p - a +0 sling
 q - a +2 dagger of venom
Missiles
 i - 5 stones
 r - 8 poisoned darts
Armour
 e - a +0 ring mail (worn)
 k - a +1 pair of boots (worn)
 w - a +0 cloak (worn)
 x - a +0 pair of gloves (worn)
Jewellery
 b - a ring of protection from fire
 l - a ring of resist corrosion (left hand)
Scrolls
 d - a scroll of brand weapon
 g - a scroll of fear
 j - a scroll of blinking {unknown}
 m - a scroll of acquirement {unknown}
 s - 3 scrolls of teleportation {unknown}
 t - 3 scrolls of identify {unknown}
Potions
 f - 5 potions of curing
 h - a potion of brilliance
 n - a potion of might
 o - a potion of heal wounds {unknown}
 u - a potion of haste {unknown}
 v - a potion of cancellation {unknown}


   Skills:
 + Level 5.1 Fighting
 + Level 7.1 Axes
 + Level 1.1 Throwing
 + Level 4.7 Armour
 + Level 3.4 Dodging
 + Level 0.1 Stealth


You had 6 spell levels left.
You didn't know any spells.
Your spell library contained the following spells:

 Spells                   Type           Power      Damage    Failure   Level
 Kiss of Death            Conj/Necr      0%         2d5       69%         1
 Confusing Touch          Hex            0%         N/A       96%         3
 Dispel Undead            Necr           0%         3d6       100%        4


Dungeon Overview and Level Annotations

Branches:
Dungeon (5/15)             Temple (1/1) D:4

Altars:
Ashenzari
Cheibriados
Elyvilon
Gozag
Hepliaklqana
Kikubaaqudgha
Makhleb
Nemelex Xobeh
Okawaru
Qazlal
Ru
Sif Muna
Trog
Uskayaw
Vehumet
Wu Jian
Yredelemnul
The Shining One

Shops:
D:3 =


Innate Abilities, Weirdness & Mutations

You have a pair of horns on your head.
You reflexively headbutt those who attack you in melee.


Message History

The hound is severely wounded.
The hound bites you but does no damage.
You hit the hound.
You feel better.
You headbutt the hound.
You kill the hound!
Trog accepts your kill.
You have reached level 7!
A komodo dragon comes into view.
The komodo dragon hisses angrily.
The komodo dragon moves out of view.
Throw: throwing net
Press: ? - help, Q - select action, (/) - cycle Shift-Dir - straight line, f - komodo dragon
Aim: a komodo dragon (61% to hit)
You throw a throwing net.
The throwing net hits the komodo dragon.
The komodo dragon is caught in the net!
The komodo dragon struggles against the net.
The komodo dragon struggles against the net.
The komodo dragon struggles against the net.
You hit the komodo dragon but do no damage.
You headbutt the komodo dragon.
The komodo dragon is lightly wounded.
The komodo dragon struggles against the net.
You hit the komodo dragon.
The komodo dragon is moderately wounded.
The komodo dragon struggles against the net.
You hit the komodo dragon but do no damage.
The komodo dragon is moderately wounded.
The komodo dragon struggles against the net.
The net rips apart, and the komodo dragon comes free!
You barely miss the komodo dragon. Your headbutt misses the komodo dragon.
The komodo dragon is moderately wounded.
The komodo dragon bites you!!
You hit the komodo dragon.
You feel better.
You punch the komodo dragon, but do no damage.
The komodo dragon is moderately wounded.
The komodo dragon bites you!!
You hit the komodo dragon.
The komodo dragon is moderately wounded.
The komodo dragon bites you!!
You die...

.#####..# #.##.## # #..# #.##...
#. ####..####.##.## ####
##.##............... ...#
#.........####)##.## ##.#
#..........###....# .#.#
#.###.#.....#####.## .#.#
###.#.###.#....## #... ...#
#.....l@..#.#.## #### .###
#.#.#.#####.#.# .# ... # #.#.# #
.# #.# ####.#+## # .# #.#
........## # .# #.### ##.....##
## .# #.#.## ##.......## ##.
.#########....####.........####..
.................'.......>.+.....


You could see a komodo dragon.

Vanquished Creatures
  3 scorpions (D:5)
  A bullfrog (D:4)
  2 hounds
  Jessica (D:2)
  An iguana (D:5)
  Robin (D:3)
  4 gnolls
  4 adders
  6 dart slugs
  5 ribbon worms
  2 orcs
  5 ball pythons
  5 endoplasms
  4 giant cockroaches
  4 hobgoblins (D:3)
  7 jackals
  8 kobolds
  2 quokkas
  6 bats
  4 frilled lizards
  16 goblins
  2 rats
93 creatures vanquished.

Notes
Turn   | Place    | Note
-------+----------+-------------------------------------------
     0 | D:1      | jdlucas the Minotaur Berserker began the quest for the Orb.
     0 | D:1      | Reached XP level 1. HP: 19/19 MP: 0/0
   187 | D:2      | Reached XP level 2. HP: 23/27 MP: 1/1
   219 | D:1      | Reached skill level 4 in Axes
   822 | D:2      | Reached XP level 3. HP: 28/33 MP: 2/2
  1201 | D:2      | Reached ** piety under Trog
  1260 | D:2      | Noticed Jessica
  1263 | D:2      | Killed Jessica
  1264 | D:2      | Reached XP level 4. HP: 29/41 MP: 3/3
  1372 | D:2      | Reached skill level 5 in Axes
  1412 | D:2      | Found a faded altar of an unknown god.
  2239 | D:3      | Reached XP level 5. HP: 47/47 MP: 4/4
  2350 | D:3      | Noticed Robin
  2368 | D:3      | Killed Robin
  2579 | D:3      | Found Lurizyhu's Jewellery Shoppe.
  3238 | D:4      | Reached *** piety under Trog
  3571 | D:4      | Found a staircase to the Ecumenical Temple.
  3577 | Temple   | Entered the Ecumenical Temple
  3835 | D:4      | Found a stormy altar of Qazlal.
  3838 | D:4      | Noticed a fire elemental
  3839 | D:4      | Noticed a water elemental
  3839 | D:4      | Noticed an air elemental
  3872 | D:4      | Reached skill level 5 in Fighting
  3872 | D:4      | Reached skill level 6 in Axes
  3872 | D:4      | Reached XP level 6. HP: 51/56 MP: 5/5
  4160 | D:5      | Entered Level 5 of the Dungeon
  4357 | D:5      | Reached skill level 1 in Throwing
  4811 | D:5      | Reached skill level 7 in Axes
  4916 | D:5      | Reached XP level 7. HP: 58/61 MP: 6/6
  4948 | D:5      | Noticed a komodo dragon
  4958 | D:5      | Slain by a komodo dragon

Illustrated notes

Levels and vault maps discovered:
D:1:      wander_arrival_chamber, layout_rooms, serial_corexii_hall,
          corexii_hall_statues_i, corexii_hall_statues_x,
          corexii_hall_statues_x, chequers_hall_statues_y, serial_bayou_crossing
D:2:      layout_basic, shapermc_ecumenical_altar_flowoftime, uniq_jessica
D:3:      kennysheep_goblin_castle, layout_loops_ring, serial_shops, shop,
          minmay_crystal_water
D:4:      nicolae_BIG_FREAKIN_CUBE, layout_loops_ring,
          nicolae_qazlal_style_of_elements, minmay_temple_entry_glassed_door,
          dk_vineyard_3, nicolae_zig_zag_zippers
D:5:      layout_loops_corners
Temple:   nicolae_temple_bog_church

Skill      XL: |  1  2  3  4  5  6 |
---------------+-------------------+-----
Axes           | 4 5 6 7 |  7.1
Fighting       | 4 5 |  5.1
Armour         | 3 4 |  4.7
Throwing       | 1 |  1.1
Dodging        | 3 |  3.4
Stealth        | |  0.1

Action                     |  1- 3 |  4- 6 |  7- 9 || total
---------------------------+-------+-------+-------++-------
  Melee: Hand axe          |    95 |   199 |     6 ||   300
         Headbutt          |    18 |    36 |     1 ||    55
         Punch             |     2 |     1 |     1 ||     4
  Throw: Stone             |       |    18 |       ||    18
         Throwing net      |       |     3 |     1 ||     4
         Dart              |       |     2 |       ||     2
    Use: Potion            |       |     4 |       ||     4
         Scroll            |       |     3 |       ||     3
 Armour: Ring mail         |    33 |   127 |     3 ||   163
         Animal skin       |     2 |       |       ||     2
  Dodge: Dodged            |    31 |   104 |       ||   135

Table legend: (Time is in decaauts)
 A = Elapsed time spent in this place.
 B = Non-inter-level travel time spent in this place.
 C = Inter-level travel time spent in this place.
 D = Time resting spent in this place.
 E = Time spent auto-exploring this place.
 F = Levels seen in this place.
 G = Mean time per level.
                   A        B        C        D        E       F      G
               +--------+--------+--------+--------+--------+-----+--------+
         Total |   5005 |   3675 |   1330 |      0 |   2397 |   6 |  834.2 |
       Dungeon |   4784 |   3586 |   1198 |      0 |   2397 |   5 |  956.8 |
        Temple |    220 |     88 |    132 |      0 |      0 |   1 |  220.0 |
               +--------+--------+--------+--------+--------+-----+--------+

Top non-repeatable levels by time:
     D:1: 1143 daAuts
     D:3: 1110 daAuts
     D:2: 949 daAuts
     D:5: 796 daAuts
     D:4: 784 daAuts
  Temple: 220 daAuts
